TOP OF THE 1ST |
Los Angeles (NYP) Angels batting - Pitching for Spokane Indians : RHP Arturo Vargas
|
Pitching: RHP Arturo Vargas
|
|
Batting: RHB Ivan Barrientos
|
0-0: Called Strike 0-1: Ground out 5-3 (Groundball, 56, EV 91.9 MPH)
|
Batting: RHB Scott Webb
|
0-0: Bunt for hit to 23 - play at first, batter OUT! 3-4
|
Batting: RHB Juan Rosa
|
0-0: Called Strike 0-1: Swinging Strike 0-2: Strikes out swinging
|
Top of the 1st over - 0 runs, 0 hits, 0 errors, 0 left on base; Los Angeles (NYP) 0 - Spokane 0 |
BOTTOM OF THE 1ST |
Spokane Indians batting - Pitching for Los Angeles (NYP) Angels : RHP Javier Carrasco
|
Pitching: RHP Javier Carrasco
|
|
Batting: LHB Sumiki Okuhara
|
0-0: TRIPLE (Line Drive, 7LD, EV 110.0 MPH)
|
Batting: RHB Victor Moya
|
0-0: Ball 1-0: Ball 2-0: Foul Ball, location: 2F 2-1: SINGLE (Groundball, 6D, EV 98.1 MPH) Sumiki Okuhara scores
|
Batting: LHB Tim Olsen
|
0-0: Foul Ball, location: 2F 0-1: Called Strike 0-2: Strikes out looking
|
Batting: RHB Vinny Luna
|
0-0: Ball 1-0: Ball 2-0: Ball 3-0: Called Strike 3-1: Fly out, F7 (Line Drive, 7, EV 92.5 MPH)
|
Batting: RHB Scott King
|
0-0: Called Strike 0-1: Ball Wild Pitch! Victor Moya to second 1-1: Ball 2-1: Ball 3-1: Base on Balls
|
Batting: LHB Tom Reynolds
|
0-0: Called Strike 0-1: Ball 1-1: Called Strike 1-2: Ground out 4-3 (Groundball, 4, EV 103.1 MPH)
|
Bottom of the 1st over - 1 run, 2 hits, 0 errors, 2 left on base; Los Angeles (NYP) 0 - Spokane 1 |
TOP OF THE 2ND |
Los Angeles (NYP) Angels batting - Pitching for Spokane Indians : RHP Arturo Vargas
|
Batting: RHB Dan Burkhart
|
0-0: Called Strike 0-1: Swinging Strike 0-2: Foul Ball, location: 2F 0-2: Ball 1-2: Ball 2-2: Strikes out looking
|
Batting: RHB Dean LeCroy
|
0-0: Ball 1-0: Foul Ball, location: 2F 1-1: Ball 2-1: Called Strike 2-2: Strikes out swinging
|
Batting: RHB Joe Hewitt
|
0-0: Ball 1-0: Fly out, F4 (Line Drive, 4, EV 70.0 MPH)
|
Top of the 2nd over - 0 runs, 0 hits, 0 errors, 0 left on base; Los Angeles (NYP) 0 - Spokane 1 |
BOTTOM OF THE 2ND |
Spokane Indians batting - Pitching for Los Angeles (NYP) Angels : RHP Javier Carrasco
|
Batting: RHB Gabe Almazan
|
0-0: Ball 1-0: Ball 2-0: Swinging Strike 2-1: Ball 3-1: Base on Balls
|
Batting: RHB Tony Rivera
|
0-0: Ball 1-0: Foul Ball, location: 2F 1-1: Ball 2-1: Swinging Strike 2-2: Foul Ball, location: 2F 2-2: Fly out, F8 (Flyball, 8LM, EV 85.0 MPH)
|
Batting: RHB Dave Brabo
|
0-0: Swinging Strike 0-1: Ball 1-1: Swinging Strike 1-2: Strikes out swinging
|
Batting: LHB Sumiki Okuhara
|
0-0: Called Strike 0-1: SINGLE (Line Drive, 8RS, EV 111.2 MPH) Gabe Almazan to second
|
Batting: RHB Victor Moya
|
0-0: Ball 1-0: Ball 2-0: Called Strike 2-1: Fly out, F7 (Flyball, 78D, EV 98.8 MPH)
|
Bottom of the 2nd over - 0 runs, 1 hit, 0 errors, 2 left on base; Los Angeles (NYP) 0 - Spokane 1 |
TOP OF THE 3RD |
Los Angeles (NYP) Angels batting - Pitching for Spokane Indians : RHP Arturo Vargas
|
Batting: SHB Yuya Hirata
|
0-0: Ball 1-0: SINGLE (Groundball, 13S, EV 72.5 MPH) (infield hit)
|
Batting: RHB Arnaud Derosiers
|
0-0: Swinging Strike 0-1: Foul Ball, location: 2F 0-2: Strikes out swinging
|
Batting: RHB Davey Verhoog
|
0-0: Called Strike 0-1: Swinging Strike 0-2: Ball Yuya Hirata is caught stealing 2nd base 2-4 1-2: SOLO HOME RUN (Flyball, 78XD, EV 115.6 MPH), Distance : 431 ft
|
Batting: RHB Ivan Barrientos
|
0-0: Ball 1-0: Ball 2-0: Swinging Strike 2-1: Swinging Strike 2-2: Ball 3-2: Strikes out swinging
|
Top of the 3rd over - 1 run, 2 hits, 0 errors, 0 left on base; Los Angeles (NYP) 1 - Spokane 1 |
BOTTOM OF THE 3RD |
Spokane Indians batting - Pitching for Los Angeles (NYP) Angels : RHP Javier Carrasco
|
Batting: LHB Tim Olsen
|
0-0: Ground out 4-3 (Groundball, 4, EV 93.1 MPH)
|
Batting: RHB Vinny Luna
|
0-0: Foul Ball, location: 2F 0-1: Ball 1-1: SINGLE (Line Drive, 8RS, EV 110.0 MPH)
|
Batting: RHB Scott King
|
0-0: Ball 1-0: Ball 2-0: Ball 3-0: Base on Balls Vinny Luna to second
|
Batting: LHB Tom Reynolds
|
0-0: Called Strike 0-1: Ball 1-1: Fielders Choice at 2nd, 3-6 (Groundball, 34S, EV 81.2 MPH) Vinny Luna to third
|
Batting: RHB Gabe Almazan
|
0-0: DOUBLE (Flyball, 8LXD, EV 104.4 MPH) Vinny Luna scores Tom Reynolds to third Runner from 3rd tries for Home, SAFE, throw by CF to home
|
Batting: RHB Tony Rivera
|
0-0: Called Strike 0-1: Ground out 4-3 (Groundball, 4, EV 86.2 MPH)
|
Bottom of the 3rd over - 2 runs, 2 hits, 0 errors, 1 left on base; Los Angeles (NYP) 1 - Spokane 3 |
TOP OF THE 4TH |
Los Angeles (NYP) Angels batting - Pitching for Spokane Indians : RHP Arturo Vargas
|
Batting: RHB Scott Webb
|
0-0: Ball 1-0: Called Strike 1-1: Called Strike 1-2: Foul Ball, location: 2F 1-2: Foul Ball, location: 2F 1-2: Foul Ball, location: 2F 1-2: Strikes out swinging
|
Batting: RHB Juan Rosa
|
0-0: Fly out, F8 (Flyball, 8RD, EV 100.0 MPH)
|
Batting: RHB Dan Burkhart
|
0-0: Called Strike 0-1: Ball 1-1: Foul Ball, location: 2F 1-2: Fly out, F7 (Flyball, 7S, EV 93.1 MPH)
|
Top of the 4th over - 0 runs, 0 hits, 0 errors, 0 left on base; Los Angeles (NYP) 1 - Spokane 3 |
BOTTOM OF THE 4TH |
Spokane Indians batting - Pitching for Los Angeles (NYP) Angels : RHP Javier Carrasco
|
Batting: RHB Dave Brabo
|
0-0: Called Strike 0-1: Foul Ball, location: 2F 0-2: Ball 1-2: Foul Ball, location: 2F 1-2: Ground out 4-3 (Groundball, 4, EV 88.1 MPH)
|
Batting: LHB Sumiki Okuhara
|
0-0: Ball 1-0: Called Strike 1-1: Ball 2-1: Ground out 1-3 (Groundball, 13S, EV 61.2 MPH)
|
Batting: RHB Victor Moya
|
0-0: Ball 1-0: Swinging Strike 1-1: Fly out, F7 (Flyball, 7LMF, EV 90.0 MPH)
|
Bottom of the 4th over - 0 runs, 0 hits, 0 errors, 0 left on base; Los Angeles (NYP) 1 - Spokane 3 |
TOP OF THE 5TH |
Los Angeles (NYP) Angels batting - Pitching for Spokane Indians : RHP Arturo Vargas
|
Batting: RHB Dean LeCroy
|
0-0: Called Strike 0-1: Ball 1-1: Foul Ball, location: 2F 1-2: Foul Ball, location: 2F 1-2: Ball 2-2: Ball 3-2: Foul Ball, location: 2F 3-2: Foul Ball, location: 2F 3-2: Strikes out swinging
|
Batting: RHB Joe Hewitt
|
0-0: Foul Ball, location: 2F 0-1: SOLO HOME RUN (Flyball, 78XD, EV 114.4 MPH), Distance : 431 ft
|
Batting: SHB Yuya Hirata
|
0-0: Fly out, F7 (Flyball, 7, EV 90.0 MPH)
|
Batting: RHB Arnaud Derosiers
|
0-0: Called Strike 0-1: Fly out, F7 (Flyball, 78S, EV 77.5 MPH)
|
Top of the 5th over - 1 run, 1 hit, 0 errors, 0 left on base; Los Angeles (NYP) 2 - Spokane 3 |
BOTTOM OF THE 5TH |
Spokane Indians batting - Pitching for Los Angeles (NYP) Angels : RHP Javier Carrasco
|
Batting: LHB Tim Olsen
|
0-0: Ball 1-0: Foul Ball, location: 2F 1-1: Swinging Strike 1-2: Strikes out swinging
|
Batting: RHB Vinny Luna
|
0-0: Called Strike 0-1: Ball 1-1: Swinging Strike 1-2: SINGLE (Line Drive, 78S, EV 86.2 MPH)
|
Batting: RHB Scott King
|
0-0: Called Strike 0-1: Ball 1-1: Ball 2-1: Swinging Strike 2-2: Ball 3-2: Foul Ball, location: 2F 3-2: Foul Ball, location: 2F 3-2: Hit by Pitch Vinny Luna to second
|
Pitching: RHP Victor Padilla
|
|
Batting: LHB Tom Reynolds
|
0-0: Fly out, F9 (Flyball, 9LSF, EV 90.6 MPH)
|
Batting: RHB Gabe Almazan
|
0-0: Called Strike 0-1: Ball 1-1: Foul Ball, location: 2F 1-2: Ball 2-2: Strikes out swinging
|
Bottom of the 5th over - 0 runs, 1 hit, 0 errors, 2 left on base; Los Angeles (NYP) 2 - Spokane 3 |
TOP OF THE 6TH |
Los Angeles (NYP) Angels batting - Pitching for Spokane Indians : RHP Arturo Vargas
|
Batting: RHB Davey Verhoog
|
0-0: Called Strike 0-1: Ball 1-1: Called Strike 1-2: Ball 2-2: Foul Ball, location: 2F 2-2: Fly out, F7 (Flyball, 78M, EV 90.0 MPH)
|
Batting: RHB Ivan Barrientos
|
0-0: Called Strike 0-1: Ball 1-1: Called Strike 1-2: Strikes out swinging
|
Batting: RHB Scott Webb
|
0-0: Ball 1-0: Ball 2-0: Called Strike 2-1: Foul Ball, location: 2F 2-2: TRIPLE (Flyball, 89XD, EV 100.0 MPH)
|
Batting: RHB Juan Rosa
|
0-0: Swinging Strike 0-1: Ball 1-1: Foul Ball, location: 2F 1-2: Foul Ball, location: 2F 1-2: Ball 2-2: Foul Ball, location: 2F 2-2: SINGLE (Groundball, 5D, EV 100.0 MPH) Scott Webb scores
|
Batting: RHB Dan Burkhart
|
0-0: Called Strike 0-1: Ball 1-1: Foul Ball, location: 2F 1-2: Strikes out swinging passed ball, reaches first! Juan Rosa to second
|
Batting: RHB Dean LeCroy
|
0-0: Foul Ball, location: 2F 0-1: Ball 1-1: Ball 2-1: 3-RUN HOME RUN (Flyball, 7D, EV 98.8 MPH), Distance : 392 ft
|
Pitching: RHP Jarred Young
|
|
Batting: RHB Joe Hewitt
|
0-0: Ball 1-0: Fly out, F8 (Flyball, 8LD, EV 90.0 MPH)
|
Top of the 6th over - 4 runs, 3 hits, 0 errors, 0 left on base; Los Angeles (NYP) 6 - Spokane 3 |
BOTTOM OF THE 6TH |
Spokane Indians batting - Pitching for Los Angeles (NYP) Angels : RHP Victor Padilla
|
Batting: RHB Tony Rivera
|
0-0: Called Strike 0-1: Ground out 4-3 (Groundball, 4, EV 104.4 MPH)
|
Pinch Hitting: LHB Jose Robles
|
0-0: Ball 1-0: Ball 2-0: Called Strike 2-1: Foul Ball, location: 2F 2-2: Ball 3-2: Foul Ball, location: 2F 3-2: Base on Balls
|
Batting: LHB Sumiki Okuhara
|
0-0: Swinging Strike 0-1: Ball Wild Pitch! Jose Robles to second 1-1: Called Strike 1-2: Ball 2-2: Ball 3-2: Foul Ball, location: 2F 3-2: Foul Ball, location: 2F 3-2: Foul Ball, location: 2F 3-2: SINGLE (Groundball, 3, EV 95.0 MPH) Jose Robles to third Runner from 3rd tries for Home, SAFE, throw by RF to home Sumiki Okuhara to second
|
Pitching: RHP Matt Doherty
|
|
Pinch Hitting: LHB Shigeru Ono
|
0-0: Ball Sumiki Okuhara steals 3rd, throwing error, E2 Sumiki Okuhara scores 1-0: DOUBLE (Line Drive, 78XD, EV 101.2 MPH)
|
Batting: LHB Tim Olsen
|
0-0: Called Strike 0-1: Ball 1-1: Ball 2-1: Ball 3-1: Called Strike 3-2: Foul Ball, location: 2F 3-2: Base on Balls
|
Pinch Hitting: LHB Doug Anderson
|
0-0: Swinging Strike 0-1: Ball 1-1: Foul Ball, location: 2F 1-2: Strikes out swinging
|
Batting: LHB Dana McDonald
|
0-0: Ball 1-0: Ball 2-0: Ball Wild Pitch! Shigeru Ono to third Tim Olsen to second 3-0: Called Strike 3-1: Base on Balls
|
Batting: LHB Tom Reynolds
|
0-0: Ball 1-0: Ball 2-0: Called Strike 2-1: Foul Ball, location: 2F 2-2: Strikes out swinging
|
Bottom of the 6th over - 2 runs, 2 hits, 1 error, 3 left on base; Los Angeles (NYP) 6 - Spokane 5 |
TOP OF THE 7TH |
Los Angeles (NYP) Angels batting - Pitching for Spokane Indians : RHP Jarred Young
|
Now at 1B: Jose Robles
|
|
Now at SS: Alex Velasquez
|
|
Now in LF: Doug Anderson
|
|
Batting: SHB Yuya Hirata
|
0-0: Foul Ball, location: 2F 0-1: Ground out U3 (Groundball, 3, EV 105.0 MPH)
|
Batting: RHB Arnaud Derosiers
|
0-0: Swinging Strike 0-1: SINGLE (Line Drive, 9LS, EV 90.6 MPH)
|
Batting: RHB Davey Verhoog
|
0-0: Foul Ball, location: 2F 0-1: Ball 1-1: Swinging Strike 1-2: Strikes out swinging
|
Batting: RHB Ivan Barrientos
|
0-0: Called Strike 0-1: Ground out 4-3 (Groundball, 4, EV 85.6 MPH)
|
Top of the 7th over - 0 runs, 1 hit, 0 errors, 1 left on base; Los Angeles (NYP) 6 - Spokane 5 |
BOTTOM OF THE 7TH |
Spokane Indians batting - Pitching for Los Angeles (NYP) Angels : RHP Matt Doherty
|
Pinch Hitting: LHB Ray Whitehead
|
0-0: Fly out, F9 (Flyball, 89M, EV 89.4 MPH)
|
Pinch Hitting: LHB Lee Gerken
|
0-0: Ball 1-0: Called Strike 1-1: SINGLE (Groundball, 5D, EV 108.8 MPH)
|
Batting: LHB Jose Robles
|
0-0: Called Strike 0-1: Ball 1-1: Foul Ball, location: 2F 1-2: Foul Ball, location: 2F 1-2: Ball 2-2: SINGLE (Flyball, 34D, EV 92.5 MPH) Lee Gerken to second
|
Pitching: RHP Kunihiro Sasaki
|
|
Batting: LHB Sumiki Okuhara
|
0-0: Foul Ball, location: 2F 0-1: Ball 1-1: Foul Ball, location: 2F 1-2: Ball 2-2: SINGLE (Groundball, 15S, EV 68.8 MPH) (infield hit) Lee Gerken to third Jose Robles to second
|
Pinch Hitting: LHB Bob Myers
|
0-0: Called Strike 0-1: Ball 1-1: Called Strike 1-2: Foul Ball, location: 2F 1-2: Strikes out swinging
|
Batting: LHB Tim Olsen
|
0-0: Foul Ball, location: 2F 0-1: Ball 1-1: Ground out U3 (Groundball, 3, EV 83.8 MPH)
|
Bottom of the 7th over - 0 runs, 3 hits, 0 errors, 3 left on base; Los Angeles (NYP) 6 - Spokane 5 |
TOP OF THE 8TH |
Los Angeles (NYP) Angels batting - Pitching for Spokane Indians : RHP Jarred Young
|
Now at 2B: Pat Barton
|
|
Now at 3B: Bobby Melillo
|
|
Now at SS: Antonio Morado
|
|
Batting: RHB Scott Webb
|
0-0: Ball 1-0: Ball 2-0: Called Strike 2-1: Foul Ball, location: 2F 2-2: Strikes out swinging
|
Batting: RHB Juan Rosa
|
0-0: Ball 1-0: Ball 2-0: Foul Ball, location: 2F 2-1: Swinging Strike 2-2: Foul Ball, location: 2F 2-2: Strikes out swinging
|
Batting: RHB Dan Burkhart
|
0-0: Ball 1-0: Swinging Strike 1-1: Swinging Strike 1-2: Foul Ball, location: 2F 1-2: Ball 2-2: Foul Ball, location: 2F 2-2: Foul Ball, location: 2F 2-2: Foul Ball, location: 2F 2-2: Strikes out swinging
|
Top of the 8th over - 0 runs, 0 hits, 0 errors, 0 left on base; Los Angeles (NYP) 6 - Spokane 5 |
BOTTOM OF THE 8TH |
Spokane Indians batting - Pitching for Los Angeles (NYP) Angels : RHP Kunihiro Sasaki
|
Batting: LHB Doug Anderson
|
0-0: Ground out 6-3 (Groundball, 56, EV 85.6 MPH)
|
Batting: LHB Dana McDonald
|
0-0: Ball 1-0: Ball 2-0: Foul Ball, location: 2F 2-1: Foul Ball, location: 2F 2-2: Ball 3-2: Base on Balls
|
Batting: LHB Tom Reynolds
|
0-0: Foul Ball, location: 2F 0-1: Ground out 4-3 (Groundball, 34, EV 86.9 MPH) Dana McDonald to second
|
Pinch Hitting: LHB Adam Hairston
|
0-0: Ball 1-0: Swinging Strike 1-1: Ball 2-1: Foul Ball, location: 2F 2-2: Foul Ball, location: 2F 2-2: SINGLE (Groundball, 5L, EV 82.5 MPH) (infield hit) Dana McDonald to third
|
Pitching: RHP Manuel Vega
|
|
Pinch Hitting: LHB Casper Kersten
|
0-0: Foul Ball, location: 2F 0-1: Foul Ball, location: 2F 0-2: Ground out 4-3 (Groundball, 34, EV 91.9 MPH)
|
Bottom of the 8th over - 0 runs, 1 hit, 0 errors, 2 left on base; Los Angeles (NYP) 6 - Spokane 5 |
TOP OF THE 9TH |
Los Angeles (NYP) Angels batting - Pitching for Spokane Indians : RHP Jarred Young
|
Now at 2B: Adam Hairston
|
|
Now at 3B: Casper Kersten
|
|
Batting: RHB Dean LeCroy
|
0-0: Ball 1-0: Foul Ball, location: 2F 1-1: Foul Ball, location: 2F 1-2: Ball 2-2: SINGLE (Line Drive, 6D, EV 102.5 MPH)
|
Batting: RHB Joe Hewitt
|
0-0: Sac Bunt to 13S - play at first, batter OUT! 1-3 Dean LeCroy to second
|
Batting: SHB Yuya Hirata
|
0-0: Hit by Pitch
|
Batting: RHB Arnaud Derosiers
|
0-0: Ball 1-0: Called Strike 1-1: Ball 2-1: Ball 3-1: Base on Balls Dean LeCroy to third Yuya Hirata to second
|
Pitching: LHP Chad Dominey
|
|
Batting: RHB Davey Verhoog
|
0-0: SINGLE (Line Drive, 6D, EV 95.0 MPH) Dean LeCroy scores Yuya Hirata to third Arnaud Derosiers to second
|
Batting: RHB Ivan Barrientos
|
0-0: Ball 1-0: Ball 2-0: Called Strike 2-1: Ball 3-1: Foul Ball, location: 2F 3-2: Strikes out swinging
|
Batting: RHB Scott Webb
|
0-0: Foul Ball, location: 2F 0-1: DOUBLE (Line Drive, 78M, EV 88.1 MPH) Yuya Hirata scores Arnaud Derosiers scores Davey Verhoog to third Runner from 3rd tries for Home, SAFE, no throw by LF
|
Batting: RHB Juan Rosa
|
0-0: Ball 1-0: Ball 2-0: Ball 3-0: Called Strike 3-1: Foul Ball, location: 2F 3-2: Foul Ball, location: 2F 3-2: Strikes out swinging
|
Top of the 9th over - 4 runs, 3 hits, 0 errors, 1 left on base; Los Angeles (NYP) 10 - Spokane 5 |
BOTTOM OF THE 9TH |
Spokane Indians batting - Pitching for Los Angeles (NYP) Angels : RHP Manuel Vega
|
Batting: LHB Jose Robles
|
0-0: Ball 1-0: Called Strike 1-1: Swinging Strike 1-2: Foul Ball, location: 2F 1-2: Ball 2-2: Ball 3-2: SINGLE (Groundball, 4MD, EV 93.8 MPH)
|
Batting: LHB Sumiki Okuhara
|
0-0: Ball 1-0: Fly out, F9 (Line Drive, 9D, EV 88.8 MPH)
|
Batting: RHB Antonio Morado
|
0-0: SINGLE (Groundball, 4M, EV 100.6 MPH) (infield hit) Jose Robles to second
|
Batting: LHB Tim Olsen
|
0-0: Ball 1-0: Ball 2-0: Called Strike 2-1: Ball 3-1: Called Strike 3-2: Strikes out looking
|
Batting: LHB Doug Anderson
|
0-0: Ball 1-0: Ball 2-0: Ball 3-0: Base on Balls Jose Robles to third Antonio Morado to second
|
Batting: LHB Dana McDonald
|
0-0: Swinging Strike 0-1: Ball 1-1: Foul Ball, location: 2F 1-2: Strikes out swinging
|
Bottom of the 9th over - 0 runs, 2 hits, 0 errors, 3 left on base; Los Angeles (NYP) 10 - Spokane 5 |
|